 Dungeon Crawl Stone Soup version 0.21.1-1-g345015f (webtiles) character file.

173858 zishaf the Thaumaturge (level 18, -10/139 HPs)
             Began as a Gnoll Wizard on May 17, 2018.
             Was the Champion of Vehumet.
             Killed from afar by Mara (illusionary) (47 damage)
             ... with a bolt of fire
             ... on level 3 of the Spider Nest on May 18, 2018.
             The game lasted 03:44:43 (49460 turns).

zishaf the Thaumaturge (Gnoll Wizard)              Turns: 49460, Time: 03:44:44

Health: -10/139    AC: 29    Str: 16      XL:     18   Next: 6%
Magic:  44/44      EV: 10    Int: 29 (31) God:    Vehumet [******]
Gold:   683        SH: 10    Dex: 12 (14) Spells: 8/43 levels left

rFire    . . .     SeeInvis .   a - +2 dagger (speed)
rCold    + . .     Gourm    .   N - +1 buckler
rNeg     . . .     Faith    .   o - +5 chain mail of Qaepper {rC+ MR+ Int+4}
rPois    .         Spirit   .   r - +0 helmet
rElec    .         Reflect  +   Z - +2 cloak
rCorr    .         Harm     .   O - +2 pair of gloves {archery}
MR       +++..                  Y - +4 pair of boots of Yckakoic {Str+5}
Stlth    +.........             F - +3 amulet of reflection
HPRegen  0.73/turn              H - ring of protection from magic
MPRegen  0.29/turn              L - ring of magical power

@: about to teleport, very heavily drained
A: distributed training, fangs 1, blurry vision 1, regeneration 1, MP-powered
wands, strong nose
a: Renounce Religion


You were on level 3 of the Spider Nest.
You worshipped Vehumet.
Vehumet was exalted by your worship.
You were not hungry.

You visited 4 branches of the dungeon, and saw 26 of its levels.
You also visited: Labyrinth and Sewer.

You collected 1919 gold pieces.
You spent 1236 gold pieces at shops.

Inventory:

Hand Weapons
 a - a +2 dagger of speed (weapon)
 b - a +3 demon trident of freezing
Missiles
 z - 351 arrows
Armour
 o - the +5 chain mail of Qaepper (worn) {rC+ MR+ Int+4}
   (You bought it in a shop on level 10 of the Dungeon)

   It affects your intelligence (+4).
   It protects you from cold.
   It affects your resistance to hostile enchantments.
 r - a +0 helmet (worn)
 N - a +1 buckler (worn)
 O - a +2 pair of gloves of archery (worn)
 Y - the +4 pair of boots of Yckakoic (worn) {Str+5}
   (You bought it in a shop on level 10 of the Dungeon)

   It affects your strength (+5).
 Z - a +2 cloak (worn)
Magical Staves
 c - an uncursed staff of power
Jewellery
 f - an uncursed ring of flight
 h - an uncursed ring of see invisible
 F - a +3 amulet of reflection (around neck)
 H - a ring of protection from magic (left hand)
 L - a ring of magical power (right hand)
Wands
 k - a wand of digging (17)
 q - a wand of iceblast (41)
 D - a wand of disintegration (24)
 E - a wand of enslavement (6)
 J - a wand of polymorph (33)
 M - a wand of flame (74)
 T - a wand of acid (28)
 W - a wand of paralysis (25)
Scrolls
 e - a scroll of torment {unknown}
 g - 10 scrolls of teleportation
 l - 5 scrolls of identify
 p - a scroll of enchant weapon
 t - 6 scrolls of fear
 y - 3 scrolls of fog
 A - 6 scrolls of magic mapping
 C - 13 scrolls of remove curse
 G - 2 scrolls of summoning
 I - 4 scrolls of amnesia
Potions
 i - 6 potions of curing
 j - 2 potions of cancellation
 s - 6 potions of agility
 u - 5 potions of haste
 v - 5 potions of might
 w - 2 potions of heal wounds
 B - a potion of ambrosia
 K - a potion of flight
 P - 2 potions of brilliance
 R - 2 potions of invisibility
Miscellaneous
 m - a phial of floods
 S - a box of beasts
Comestibles
 d - 49 rations
 n - a chunk of flesh


   Skills:
 + Level 11.7(8.1) Fighting
 + Level 11.7(8.1) Short Blades
 + Level 11.7(8.1) Long Blades
 + Level 11.7(8.1) Axes
 + Level 11.7(8.1) Maces & Flails
 + Level 11.7(8.1) Polearms
 + Level 11.7(8.1) Staves
 + Level 11.7(8.1) Slings
 + Level 11.7(8.1) Bows
 + Level 11.7(8.1) Crossbows
 + Level 11.7(8.1) Throwing
 + Level 11.7(8.1) Armour
 + Level 12.5(8.7) Dodging
 + Level 12.3(8.6) Stealth
 + Level 11.7(8.1) Shields
 + Level 11.7(8.1) Unarmed Combat
 + Level 13.4(9.6) Spellcasting
 + Level 10.2(6.7) Conjurations
 + Level 10.0(6.5) Hexes
 + Level 10.0(6.5) Charms
 + Level 10.2(6.7) Summonings
 + Level 10.0(6.5) Necromancy
 + Level 10.2(6.7) Translocations
 + Level 10.0(6.5) Transmutations
 + Level 10.0(6.5) Fire Magic
 + Level 10.0(6.5) Ice Magic
 + Level 10.0(6.5) Air Magic
 + Level 10.0(6.5) Earth Magic
 + Level 10.0(6.5) Poison Magic
 + Level 12.6(8.9) Invocations
 + Level 11.7(8.1) Evocations


You had 8 spell levels left.
You knew the following spells:

 Your Spells              Type           Power        Failure   Level  Hunger
a - Magic Dart            Conj           ####         1%          1    None
b - Iron Shot             Conj/Erth      ######....   71%         6    #####..
c - Throw Frost           Conj/Ice       ######       1%          2    None
d - Sticks to Snakes      Tmut           ######..     4%          2    None
e - Call Imp              Summ           ######..     4%          2    None
h - Blink                 Tloc           N/A          4%          2    None
i - Ensorcelled Hibernat  Hex/Ice        ######       4%          2    None
j - Tukima's Dance        Hex            ######..     10%         3    None
k - Airstrike             Air            ######....   9%          4    None
l - Sublimation of Blood  Necr           ######....   4%          2    None
m - Cause Fear            Hex            ######....   30%         4    None
n - Iskenderun's Battles  Conj/Chrm      ######..     21%         5    ####...


Dungeon Overview and Level Annotations

Branches:
Dungeon (15/15)            Temple (1/1) D:5            Lair (6/6) D:9
 Shoals (0/4) Lair:3       Spider (4/4) Lair:3        Slime (0/5) Lair:5
    Orc (0/2) D:12         Vaults (0/5) D:13         Depths (0/5) D:15

Altars:
Ashenzari
Cheibriados
Dithmenos
Fedhas
Gozag
Hepliaklqana
Kikubaaqudgha
Nemelex Xobeh
Okawaru
Qazlal
Trog
Uskayaw
Vehumet
Xom
The Shining One

Shops:
D:10 !([%   D:13 :

Portals:
Trove: D:10 (give +4 demon blade)

Annotations:
D:10 exclusion: vault guard
Spider:3 Mara


Innate Abilities, Weirdness & Mutations

Your experience applies equally to all skills.
You have very sharp teeth.
Your uncanny sense of smell can sniff out nearby items.
Scrolls take you a little longer to read.
Your natural rate of healing is unusually fast.
You expend magic power (3 MP) to strengthen your wands.


Message History

Mara closely misses you. You block Mara's attack.
Mara hits you from afar with a demon trident of draining!
You feel drained. Zishaf's illusion casts a spell at you.
The puff of frost hits you! You resist.
As you read the scroll of teleportation, it crumbles to dust.
You feel strangely unstable. You block Mara's attack. Mara barely misses you.
Mara hits you from afar with a demon trident of draining.
You feel drained.
Mara hits you from afar with a demon trident of draining!!
* * * LOW HITPOINT WARNING * * *
You feel drained.
* * * LOW HITPOINT WARNING * * *
You block zishaf's illusion's attack.
You feel much better. You block Mara's attack. Mara gestures at you.
The bolt of fire hits you!
You die...

.....#.......#............##
.....####......^.##.##.....#
..#..#..##.....##.####.#...##
........#..###############..##
..........###≈≈§≈≈≈≈#≈#≈##...#
.........#.##§§≈≈≈≈≈≈≈≈###...###
.^.##.......##≈≈§≈≈≈≈≈≈##......#
....#..##..###≈≈.@R≈.≈≈≈##.^...#
......##...##≈≈≈@.>..≈≈###....##
.#..........#≈≈≈..R..≈≈≈##...<.#
.#^........##≈≈≈#≈R≈#≈≈≈##.....#
.#(.......###≈≈≈#≈#≈#≈≈##....###
##.##..#....#≈≈≈≈≈#≈≈≈≈≈#....#
#.^...#...###≈≈≈≈≈≈#≈≈##...###
##...###...##≈≈≈#≈#≈#≈≈##.....#
^#^^^########≈≈≈#≈≈≈≈≈≈##.....#
#..^.#..###.##≈≈.≈.≈#≈≈##.....#


You could see 3 Maras and zishaf's illusion.

Vanquished Creatures
  Arachne (Spider:3)
  Jorgrun (Spider:3)
  Louise (D:14)
  4 ghost moths
  6 emperor scorpions
  10 entropy weavers
  5 spark wasps
  A minotaur (Lab)
  A fire dragon (Lair:6)
  A vault guard (D:10)
  12 hydras
  A death knight (D:12)
  4 centaur warriors
  A queen ant (Spider:2)
  3 two-headed ogres
  Urug (Lair:3)
  3 dancing weapons (D:12)
  A fire crab (Lair:6)
  6 unseen horrors
  3 skeletal warriors (D:14)
  A cherub (D:12)
  A wizard (D:15)
  2 orc knights (D:15)
  28 wolf spiders
  25 orb spiders
  3 manticores
  18 ugly things
  2 deep elf magi
  2 moths of wrath (Spider:2)
  2 torpor snails
  3 cyclopes
  19 elephants
  6 black mambas
  2 centaur zombies
  3 molten gargoyles (Lair:6)
  2 gargoyles
  9 spiny frogs
  21 demonic crawlers
  A tengu conjurer (D:15)
  A kobold demonologist (D:12)
  14 komodo dragons
  33 jumping spiders
  6 trolls
  A tyrant leech (shapeshifter) (D:14)
  21 hornets
  A queen bee (shapeshifter) (D:15)
  7 dream sheep
  Prince Ribbit (D:8)
  11 hippogriffs
  19 slime creatures
  4 blink frogs (Lair:4)
  A meliai zombie (D:13)
  A shadow (D:14)
  5 water elementals
  A spriggan (D:7)
  59 redbacks
  29 yaks
  30 tarantellas
  3 wyverns
  6 basilisks
  3 steam dragons
  2 vampire mosquitoes (D:12)
  3 hungry ghosts
  A warg (D:15)
  2 acid dragons
  5 hell hounds
  10 soldier ants
  12 water moccasins
  9 porcupines
  2 black bears
  3 ice beasts
  9 orc warriors
  2 phantoms
  2 sky beasts
  3 ogres
  5 wolves (Lair:3)
  A necrophage (D:7)
  10 centaurs
  10 crocodiles
  4 big kobolds
  20 bullfrogs
  4 wyvern skeletons
  5 scorpions
  7 killer bees
  4 electric eels
  6 wights (D:11)
  3 howler monkeys
  8 crimson imps
  3 bullfrog zombies
  2 quasits
  5 lava snakes (Lair:6)
  2 bullfrog skeletons
  3 jellies
  7 orc wizards
  6 orc priests
  4 centaur skeletons
  6 hounds
  Natasha (D:4)
  3 iguanas
  26 worker ants
  An ogre skeleton (Lab)
  Robin (D:3)
  2 worker ant zombies
  5 gnolls
  9 adders
  A shadow imp (D:6)
  2 white imps (Lair:6)
  2 oozes (D:2)
  2 adder skeletons
  6 worms
  7 dart slugs
  3 leopard geckos
  43 orcs
  6 giant cockroaches
  9 goblins
  8 hobgoblins
  8 jackals
  6 quokkas
  5 ball pythons
  9 bats
  5 frilled lizards
  25 kobolds
  A quokka skeleton (D:4)
  3 quokka zombies
  5 rats
  A plant (D:13)
868 creatures vanquished.

Vanquished Creatures (collateral kills)
  Rupert (D:14)
  Frances (D:12)
  2 ice dragons
  A hydra (Lair:1)
  A two-headed ogre (D:8)
  A cherub (D:12)
  An orb spider (Spider:1)
  An ugly thing (D:13)
  A wolf spider (Spider:4)
  A spiny frog (Lair:3)
  The ghost of mibe the Grave Robber, a novice GnNe (D:6)
  A rime drake (Lair:5)
  A demonic crawler (Spider:1)
  A komodo dragon (Lair:1)
  2 jumping spiders
  2 hornets
  A minotaur skeleton (Lab)
  A hippogriff (Lair:2)
  4 slime creatures (D:12)
  2 redbacks
  A wyvern (D:10)
  A basilisk (Lair:1)
  3 yaks
  Menkaure (D:7)
  A porcupine (Lair:1)
  A black bear (D:6)
  The ghost of EK47 the Skirmisher, an amateur DrFi (D:3)
  A sky beast (D:9)
  6 ogres
  A phantom (D:4)
  2 wolves (Lair:3)
  A crocodile (D:7)
  A big kobold (D:7)
  4 bullfrogs
  3 scorpions
  4 killer bees
  A wight (D:11)
  A bullfrog zombie (D:8)
  A jelly (D:7)
  A quasit (D:10)
  2 hounds
  2 orc priests
  3 orc wizards
  An iguana (D:4)
  5 worker ants
  3 adders
  2 gnolls (D:6)
  A howler monkey zombie (D:5)
  A river rat (Sewer)
  A worm (D:3)
  A leopard gecko (D:5)
  4 orcs
  A ball python (D:3)
  6 goblins (D:3)
  3 hobgoblins (D:3)
  2 kobolds
  A rat (D:3)
102 creatures vanquished.

Vanquished Creatures (others)
  Asterion (Spider:3)
  An emperor scorpion (Spider:3)
  A centaur warrior (D:15)
  2 orb spiders (Spider:3)
  A kobold demonologist (D:14)
  A dancing weapon (D:15)
  3 redbacks (Spider:3)
  A centaur (D:7)
  14 fungi
  15 plants
40 creatures vanquished.

Grand Total: 1010 creatures vanquished

Notes
Turn   | Place    | Note
-------+----------+-------------------------------------------
     0 | D:1      | zishaf the Gnoll Wizard began the quest for the Orb.
     0 | D:1      | Reached XP level 1. HP: 13/13 MP: 8/8
   188 | D:1      | Reached XP level 2. HP: 19/19 MP: 6/10
   515 | D:1      | Reached XP level 3. HP: 25/25 MP: 4/11
   785 | D:1      | Reached skill level 1 in Invocations
  1007 | D:1      | You fall through a shaft!
  1285 | D:2      | Reached skill level 1 in Fighting
  1285 | D:2      | Reached skill level 1 in Short Blades
  1285 | D:2      | Reached skill level 1 in Long Blades
  1285 | D:2      | Reached skill level 1 in Axes
  1285 | D:2      | Reached skill level 1 in Maces & Flails
  1285 | D:2      | Reached skill level 1 in Polearms
  1285 | D:2      | Reached skill level 1 in Staves
  1285 | D:2      | Reached skill level 1 in Slings
  1285 | D:2      | Reached skill level 1 in Bows
  1285 | D:2      | Reached skill level 1 in Crossbows
  1285 | D:2      | Reached skill level 1 in Throwing
  1285 | D:2      | Reached skill level 1 in Armour
  1285 | D:2      | Reached skill level 1 in Shields
  1285 | D:2      | Reached skill level 1 in Unarmed Combat
  1285 | D:2      | Reached skill level 1 in Evocations
  1385 | D:2      | Reached XP level 4. HP: 31/32 MP: 13/13
  1390 | D:2      | Learned a level 3 spell: Mephitic Cloud
  1393 | D:2      | Learned a level 2 spell: Call Imp
  1396 | D:2      | Learned a level 2 spell: Blink
  1733 | D:2      | Reached skill level 1 in Hexes
  1733 | D:2      | Reached skill level 1 in Charms
  1733 | D:2      | Reached skill level 1 in Necromancy
  1733 | D:2      | Reached skill level 1 in Transmutations
  1733 | D:2      | Reached skill level 1 in Fire Magic
  1733 | D:2      | Reached skill level 1 in Ice Magic
  1733 | D:2      | Reached skill level 1 in Air Magic
  1733 | D:2      | Reached skill level 1 in Earth Magic
  1733 | D:2      | Reached skill level 1 in Poison Magic
  1979 | D:2      | Reached XP level 5. HP: 37/37 MP: 6/14
  2124 | D:2      | You fall through a shaft!
  2138 | D:3      | Found a glowing drain.
  2202 | D:3      | Noticed EK47's ghost (amateur DrFi)
  2306 | D:3      | Killed EK47's ghost
  2450 | D:3      | Noticed Robin
  2481 | D:3      | Killed Robin
  2490 | Sewer    | Entered a sewer
  2787 | Sewer    | Noticed a big kobold
  2806 | Sewer    | Killed a big kobold
  2806 | Sewer    | Reached XP level 6. HP: 44/44 MP: 1/16
  3053 | Sewer    | Reached skill level 5 in Dodging
  3398 | D:3      | Reached XP level 7. HP: 50/50 MP: 13/18
  3577 | D:3      | Found a shimmering altar of Xom.
  3577 | D:3      | Found a sparkling altar of Nemelex Xobeh.
  3586 | D:3      | Found a faded altar of an unknown god.
  3591 | D:3      | Found a hide-covered altar of Uskayaw.
  3592 | D:3      | Found a faded altar of an unknown god.
  4640 | D:2      | Learned a level 2 spell: Sticks to Snakes
  4909 | D:4      | Noticed Natasha
  4927 | D:4      | Killed Natasha
  5442 | D:5      | Entered Level 5 of the Dungeon
  5445 | D:5      | Found a blossoming altar of Fedhas.
  5554 | D:5      | Found a staircase to the Ecumenical Temple.
  5569 | D:5      | Reached skill level 5 in Stealth
  5573 | Temple   | Entered the Ecumenical Temple
  5612 | Temple   | Became a worshipper of Vehumet
  5722 | D:5      | Found a glowing golden altar of the Shining One.
  5723 | D:5      | Found an ancient bone altar of Kikubaaqudgha.
  5723 | D:5      | Found a snail-covered altar of Cheibriados.
  5729 | D:5      | Found a hazy altar of Hepliaklqana.
  5788 | D:5      | Found a shattered altar of Ashenzari.
  5942 | D:6      | Reached XP level 8. HP: 53/57 MP: 12/19
  5993 | D:6      | Noticed mibe's ghost (novice GnNe)
  6043 | D:6      | Killed mibe's ghost
  6495 | D:6      | Found an iron altar of Okawaru.
  7159 | D:7      | Noticed Menkaure
  7173 | D:7      | Killed Menkaure
  7407 | D:7      | Reached skill level 8 in Spellcasting
  7429 | D:6      | HP: 1/58 [orc warrior/war axe (23)]
  8353 | D:7      | Reached XP level 9. HP: 65/65 MP: 14/21
  9897 | D:7      | Found a shadowy altar of Dithmenos.
  9906 | D:7      | Reached * piety under Vehumet
  9906 | D:7      | Offered knowledge of Sandblast by Vehumet.
 11629 | D:8      | Noticed a hornet
 11643 | D:8      | Killed a hornet
 11643 | D:8      | Reached skill level 5 in Invocations
 11767 | D:8      | Reached ** piety under Vehumet
 11774 | D:8      | Offered knowledge of Searing Ray by Vehumet.
 11787 | D:8      | Learned a level 2 spell: Searing Ray
 11872 | D:8      | Reached XP level 10. HP: 68/72 MP: 4/22
 12018 | D:8      | Noticed a two-headed ogre
 12038 | D:8      | Killed a two-headed ogre
 12255 | D:8      | Noticed Prince Ribbit
 12270 | D:8      | Killed Prince Ribbit
 12360 | D:8      | Noticed a two-headed ogre
 12369 | D:8      | Killed a two-headed ogre
 12369 | D:8      | Reached skill level 5 in Fighting
 12369 | D:8      | Reached skill level 5 in Short Blades
 12369 | D:8      | Reached skill level 5 in Long Blades
 12369 | D:8      | Reached skill level 5 in Axes
 12369 | D:8      | Reached skill level 5 in Maces & Flails
 12369 | D:8      | Reached skill level 5 in Polearms
 12369 | D:8      | Reached skill level 5 in Staves
 12369 | D:8      | Reached skill level 5 in Slings
 12369 | D:8      | Reached skill level 5 in Bows
 12369 | D:8      | Reached skill level 5 in Crossbows
 12369 | D:8      | Reached skill level 5 in Throwing
 12369 | D:8      | Reached skill level 5 in Armour
 12369 | D:8      | Reached skill level 5 in Shields
 12369 | D:8      | Reached skill level 5 in Unarmed Combat
 12369 | D:8      | Reached skill level 5 in Evocations
 12875 | D:9      | Offered knowledge of Throw Frost by Vehumet.
 13046 | D:9      | Reached skill level 9 in Spellcasting
 13324 | D:9      | Found a staircase to the Lair.
 13391 | D:9      | Reached skill level 5 in Conjurations
 13391 | D:9      | Reached skill level 5 in Summonings
 13391 | D:9      | Reached skill level 5 in Translocations
 13755 | D:9      | Noticed a two-headed ogre
 13780 | D:9      | Reached *** piety under Vehumet
 13796 | D:9      | Killed a two-headed ogre
 14165 | D:9      | Learned a level 3 spell: Conjure Flame
 14250 | D:9      | Learned a level 2 spell: Throw Frost
 14290 | D:10     | Entered Level 10 of the Dungeon
 14758 | D:10     | Found Caqingak's Food Shop.
 14779 | D:10     | Reached XP level 11. HP: 80/80 MP: 24/24
 14855 | D:10     | Found Ojyupn's Weapon Boutique.
 14945 | D:10     | Found Luraczul's Distillery.
 14954 | D:10     | Bought a potion of brilliance for 52 gold pieces
 14954 | D:10     | Gained mutation: You occasionally shout uncontrollably at your foes. [potion of mutation]
 14954 | D:10     | Gained mutation: You have large cloven feet. [potion of mutation]
 14954 | D:10     | Gained mutation: You evolve. [potion of mutation]
 14955 | D:10     | Bought 2 potions of mutation for 208 gold pieces
 14955 | D:10     | Lost mutation: You occasionally shout uncontrollably at your foes. [potion of mutation]
 14955 | D:10     | Lost mutation: You evolve. [potion of mutation]
 14955 | D:10     | Gained mutation: Your body sometimes deteriorates upon taking damage. [potion of mutation]
 14955 | D:10     | Gained mutation: You are clumsy. (Dex -2) [potion of mutation]
 14955 | D:10     | Gained mutation: You possess an exceptional clarity of mind. [potion of mutation]
 14955 | D:10     | Gained mutation: Your muscles are strong. (Str +2) [potion of mutation]
 14956 | D:10     | Lost mutation: You are clumsy. (Dex -2) [potion of mutation]
 14956 | D:10     | Lost mutation: Your body sometimes deteriorates upon taking damage. [potion of mutation]
 14956 | D:10     | Lost mutation: Your muscles are strong. (Str +2) [potion of mutation]
 14956 | D:10     | Gained mutation: You are frail. (-10% HP) [potion of mutation]
 14956 | D:10     | Gained mutation: You are somewhat resistant to further mutation. [potion of mutation]
 15043 | D:10     | Noticed a vault guard
 15297 | D:10     | Killed a vault guard
 15531 | D:10     | Found Zeshrycs's Antique Armour Shop.
 15540 | D:10     | Bought a pair of heavily runed boots for 275 gold pieces
 15550 | D:10     | Identified the +4 pair of boots of Yckakoic {Str+5} (You bought it in a shop on level 10 of the Dungeon)
 15643 | D:10     | Found a portal to a secret trove of treasure.
 15713 | Lair:1   | Entered Level 1 of the Lair of Beasts
 15748 | Lair:1   | Offered knowledge of Static Discharge by Vehumet.
 16303 | Lair:1   | Reached skill level 5 in Hexes
 16303 | Lair:1   | Reached skill level 5 in Charms
 16303 | Lair:1   | Reached skill level 5 in Necromancy
 16303 | Lair:1   | Reached skill level 5 in Transmutations
 16303 | Lair:1   | Reached skill level 5 in Fire Magic
 16303 | Lair:1   | Reached skill level 5 in Ice Magic
 16303 | Lair:1   | Reached skill level 5 in Air Magic
 16303 | Lair:1   | Reached skill level 5 in Earth Magic
 16303 | Lair:1   | Reached skill level 5 in Poison Magic
 16332 | Lair:1   | Noticed a seven-headed hydra
 16540 | Lair:1   | Noticed a four-headed hydra
 16577 | Lair:1   | Killed a four-headed hydra
 16727 | Lair:1   | Killed a seven-headed hydra
 17079 | Lair:1   | Learned a level 2 spell: Ensorcelled Hibernation
 17083 | Lair:1   | Learned a level 3 spell: Tukima's Dance
 17929 | Lair:2   | Found a labyrinth entrance.
 17935 | Lair:2   | Noticed a seven-headed hydra
 18024 | Lab      | Entered a labyrinth
 18636 | Lab      | Reached **** piety under Vehumet
 18745 | Lab      | Noticed a minotaur
 18827 | Lab      | Killed a minotaur
 19008 | Lair:2   | Killed a seven-headed hydra
 19306 | Lair:2   | Reached XP level 12. HP: 75/80 MP: 25/25
 19816 | Lair:2   | Offered knowledge of Airstrike by Vehumet.
 19825 | Lair:2   | Reached skill level 10 in Spellcasting
 19861 | Lair:2   | Learned a level 4 spell: Airstrike
 19956 | Lair:2   | Noticed a four-headed hydra
 19968 | Lair:2   | Killed a four-headed hydra
 20353 | Lair:3   | Found a hole to the Spider Nest.
 20398 | Lair:3   | Found a staircase to the Shoals.
 20663 | Lair:3   | Noticed a seven-headed hydra
 20677 | Lair:3   | Killed a seven-headed hydra
 20949 | Lair:3   | Noticed a seven-headed hydra
 20961 | Lair:3   | Killed a seven-headed hydra
 21094 | Lair:3   | Noticed Urug
 21102 | Lair:3   | Killed Urug
 21525 | Lair:3   | Noticed a four-headed hydra
 21540 | Lair:3   | Killed a four-headed hydra
 22104 | Lair:3   | Reached XP level 13. HP: 66/88 MP: 10/27
 22380 | Lair:4   | Lost mutation: You are frail. (-10% HP) [potion of mutation]
 22380 | Lair:4   | Lost mutation: You have large cloven feet. [potion of mutation]
 22380 | Lair:4   | Lost mutation: You possess an exceptional clarity of mind. [potion of mutation]
 22380 | Lair:4   | Lost mutation: You are somewhat resistant to further mutation. [potion of mutation]
 22380 | Lair:4   | Gained mutation: Scrolls take you a little longer to read. [potion of mutation]
 22380 | Lair:4   | Gained mutation: You expend magic power (3 MP) to strengthen your wands. [potion of mutation]
 22380 | Lair:4   | Gained mutation: Your natural rate of healing is unusually fast. [potion of mutation]
 22436 | Lair:4   | Reached ***** piety under Vehumet
 22502 | Lair:4   | Offered knowledge of Sticky Flame by Vehumet.
 23041 | Lair:5   | Identified the Tome of Combat Magic and Weightlessness
 23366 | Lair:5   | Found a staircase to the Slime Pits.
 23896 | Lair:6   | Entered Level 6 of the Lair of Beasts
 24336 | Lair:6   | Reached skill level 11 in Spellcasting
 24774 | Lair:6   | Noticed an ice dragon
 24786 | Lair:6   | Killed an ice dragon
 24792 | Lair:6   | Reached XP level 14. HP: 95/106 MP: 6/29
 25604 | Lair:5   | Reached skill level 10 in Dodging
 25912 | Lair:6   | Found a large runed door.
 26019 | Lair:6   | Found a large runed door.
 26677 | D:11     | Reached skill level 10 in Stealth
 27950 | D:12     | Noticed Frances
 28192 | D:12     | Killed Frances
 28192 | D:12     | Reached skill level 10 in Invocations
 28242 | D:12     | Offered knowledge of Force Lance by Vehumet.
 28381 | D:12     | Got an encrusted fustibalus
 28388 | D:12     | Identified the +6 fustibalus of Dung {flame, Fragile +Inv rElec Str+4} (You found it on level 12 of the Dungeon)
 28400 | D:12     | Found a staircase to the Orcish Mines.
 29089 | D:12     | Learned a level 2 spell: Sublimation of Blood
 30611 | D:13     | Found a hide-covered altar of Uskayaw.
 30630 | D:13     | Found Jamiex's Book Shop.
 30770 | D:10     | Bought an opalescent robe for 165 gold pieces
 30770 | D:10     | Bought an ichor-stained chain mail for 275 gold pieces
 30770 | D:10     | Bought a steaming scale mail for 261 gold pieces
 30781 | D:10     | Learned a level 5 spell: Alistair's Intoxication
 30800 | D:10     | Identified the +5 chain mail of Qaepper {rC+ MR+ Int+4} (You bought it in a shop on level 10 of the Dungeon)
 30810 | D:10     | Identified the +3 robe of Wagy {rPois Dex+3} (You bought it in a shop on level 10 of the Dungeon)
 30820 | D:10     | Identified the +4 scale mail of Vifieseri {MP+9 Dex+3 Stlth+} (You bought it in a shop on level 10 of the Dungeon)
 31523 | D:13     | Found a gate to the Vaults.
 31713 | D:13     | Reached XP level 15. HP: 114/114 MP: 30/30
 32814 | D:14     | Noticed Louise
 33288 | D:14     | Killed Louise
 33290 | D:14     | Got a warped large shield
 33401 | D:13     | Identified the +3 large shield "Ehaph" {rPois Str+2} (You took it off Louise on level 14 of the Dungeon)
 33428 | D:13     | Identified 2 scrolls of acquirement
 33437 | D:13     | Learned a level 4 spell: Cause Fear
 33476 | D:14     | Noticed Rupert
 33484 | D:14     | Paralysed by Rupert for 7 turns
 33501 | D:14     | Killed Rupert
 34702 | D:15     | Entered Level 15 of the Dungeon
 34708 | D:14     | Reached skill level 12 in Spellcasting
 34947 | D:15     | Reached skill level 10 in Fighting
 34947 | D:15     | Reached skill level 10 in Short Blades
 34947 | D:15     | Reached skill level 10 in Long Blades
 34947 | D:15     | Reached skill level 10 in Axes
 34947 | D:15     | Reached skill level 10 in Maces & Flails
 34947 | D:15     | Reached skill level 10 in Polearms
 34947 | D:15     | Reached skill level 10 in Staves
 34947 | D:15     | Reached skill level 10 in Slings
 34947 | D:15     | Reached skill level 10 in Bows
 34947 | D:15     | Reached skill level 10 in Crossbows
 34947 | D:15     | Reached skill level 10 in Throwing
 34947 | D:15     | Reached skill level 10 in Armour
 34947 | D:15     | Reached skill level 10 in Shields
 34947 | D:15     | Reached skill level 10 in Unarmed Combat
 34947 | D:15     | Reached skill level 10 in Evocations
 35281 | D:15     | Reached ****** piety under Vehumet
 35534 | D:15     | Offered knowledge of Iron Shot by Vehumet.
 35549 | D:15     | Learned a level 6 spell: Iron Shot
 36689 | D:15     | Found a staircase to the Depths.
 37231 | Spider:1 | Entered Level 1 of the Spider Nest
 37232 | Spider:1 | Reached XP level 16. HP: 122/122 MP: 32/32
 39887 | Spider:2 | Offered knowledge of Iskenderun's Battlesphere by Vehumet.
 39940 | Spider:2 | Learned a level 5 spell: Iskenderun's Battlesphere
 43007 | Spider:2 | Reached XP level 17. HP: 91/131 MP: 33/33
 43737 | Spider:3 | Offered knowledge of Conjure Ball Lightning by Vehumet.
 43807 | Spider:3 | Reached skill level 13 in Spellcasting
 44116 | Spider:4 | Entered Level 4 of the Spider Nest
 44217 | Spider:4 | Noticed Jorgrun
 44265 | Spider:3 | Killed Jorgrun
 45012 | Spider:4 | Reached skill level 10 in Conjurations
 45012 | Spider:4 | Reached skill level 10 in Summonings
 45012 | Spider:4 | Reached skill level 10 in Translocations
 45094 | Spider:4 | Noticed Arachne
 45115 | Spider:4 | Noticed Mara
 45237 | Spider:3 | Paralysed by a hornet for 3 turns
 46044 | Spider:4 | Noticed an Executioner
 46044 | Spider:4 | Noticed Asterion
 46060 | Spider:3 | Killed Arachne
 46182 | Spider:3 | Noticed an Executioner
 46323 | Spider:4 | Offered knowledge of Spellforged Servitor by Vehumet.
 46975 | Spider:4 | Got a slimy long sword
 46978 | Spider:4 | Identified the cursed +1 long sword "Dragonbane" {venom, Str+7} (You found it on level 4 of the Spider Nest)
 47105 | Spider:4 | Reached skill level 10 in Hexes
 47105 | Spider:4 | Reached skill level 10 in Charms
 47105 | Spider:4 | Reached skill level 10 in Necromancy
 47105 | Spider:4 | Reached skill level 10 in Transmutations
 47105 | Spider:4 | Reached skill level 10 in Fire Magic
 47105 | Spider:4 | Reached skill level 10 in Ice Magic
 47105 | Spider:4 | Reached skill level 10 in Air Magic
 47105 | Spider:4 | Reached skill level 10 in Earth Magic
 47105 | Spider:4 | Reached skill level 10 in Poison Magic
 47368 | Spider:4 | Noticed zishaf's illusion
 47584 | Spider:3 | Killed Asterion
 47886 | Spider:4 | Noticed zishaf's illusion
 48289 | Spider:4 | Noticed zishaf's illusion
 48388 | Spider:4 | Noticed zishaf's illusion
 48692 | Spider:4 | Noticed zishaf's illusion
 48918 | Spider:4 | Reached XP level 18. HP: 139/139 MP: 30/35
 48943 | Spider:4 | Noticed zishaf's illusion
 49421 | Spider:4 | Noticed zishaf's illusion
 49457 | Spider:3 | Noticed zishaf's illusion
 49460 | Spider:3 | Killed from afar by Mara (illusionary)

Skill      XL: |  1  2  3  4  5  6  7  8  9 10 11 12 13 14 15 16 17 |
---------------+----------------------------------------------------+-----
Conjurations   | 2 3 4 5 6 7 8 9 10 | 10.2
Summonings     | 2 3 4 5 6 7 8 9 10 | 10.2
Translocations | 2 3 4 5 6 7 8 9 10 | 10.2
Invocations    | 1 2 3 4 5 6 7 8 9 10 11 12 | 12.6
Fighting       | 1 2 3 4 5 6 7 8 9 10 11 | 11.7
Short Blades   | 1 2 3 4 5 6 7 8 9 10 11 | 11.7
Long Blades    | 1 2 3 4 5 6 7 8 9 10 11 | 11.7
Axes           | 1 2 3 4 5 6 7 8 9 10 11 | 11.7
Maces & Flails | 1 2 3 4 5 6 7 8 9 10 11 | 11.7
Polearms       | 1 2 3 4 5 6 7 8 9 10 11 | 11.7
Staves         | 1 2 3 4 5 6 7 8 9 10 11 | 11.7
Slings         | 1 2 3 4 5 6 7 8 9 10 11 | 11.7
Bows           | 1 2 3 4 5 6 7 8 9 10 11 | 11.7
Crossbows      | 1 2 3 4 5 6 7 8 9 10 11 | 11.7
Throwing       | 1 2 3 4 5 6 7 8 9 10 11 | 11.7
Armour         | 1 2 3 4 5 6 7 8 9 10 11 | 11.7
Shields        | 1 2 3 4 5 6 7 8 9 10 11 | 11.7
Unarmed Combat | 1 2 3 4 5 6 7 8 9 10 11 | 11.7
Evocations     | 1 2 3 4 5 6 7 8 9 10 11 | 11.7
Hexes          | 1 2 3 4 5 6 7 8 9 10 | 10.0
Charms         | 1 2 3 4 5 6 7 8 9 10 | 10.0
Necromancy     | 1 2 3 4 5 6 7 8 9 10 | 10.0
Transmutations | 1 2 3 4 5 6 7 8 9 10 | 10.0
Fire Magic     | 1 2 3 4 5 6 7 8 9 10 | 10.0
Ice Magic      | 1 2 3 4 5 6 7 8 9 10 | 10.0
Air Magic      | 1 2 3 4 5 6 7 8 9 10 | 10.0
Earth Magic    | 1 2 3 4 5 6 7 8 9 10 | 10.0
Poison Magic   | 1 2 3 4 5 6 7 8 9 10 | 10.0
Dodging        | 5 6 7 8 9 10 11 12 | 12.5
Stealth        | 5 6 7 8 9 10 11 12 | 12.3
Spellcasting   | 8 9 10 11 12 13 | 13.4

Action                   |  1- 3 |  4- 6 |  7- 9 | 10-12 | 13-15 | 16-18 || total
-------------------------+-------+-------+-------+-------+-------+-------++-------
Melee: Unarmed           |    15 |       |       |       |       |       ||    15
       Dagger            |    60 |    52 |   144 |   281 |   717 |   316 ||  1570
       Bite              |     8 |     2 |    18 |    25 |    69 |    67 ||   189
       Punch             |       |       |     2 |       |       |       ||     2
       Demon trident     |       |       |       |       |       |   366 ||   366
 Cast: Magic Dart        |    39 |   103 |   349 |   347 |   794 |   241 ||  1873
       Call Imp          |       |    21 |    91 |   179 |   106 |    67 ||   464
       Mephitic Cloud    |       |     6 |     3 |    12 |     6 |       ||    27
       Blink             |       |     1 |     4 |    37 |    33 |    35 ||   110
       Sticks to Snakes  |       |       |    41 |    37 |    31 |    28 ||   137
       Searing Ray       |       |       |       |    14 |    43 |     1 ||    58
       Throw Frost       |       |       |       |    22 |    38 |    18 ||    78
       Conjure Flame     |       |       |       |     5 |       |       ||     5
       Ensorcelled Hiber |       |       |       |   105 |   434 |   382 ||   921
       Airstrike         |       |       |       |       |    18 |       ||    18
       Tukima's Dance    |       |       |       |       |    17 |     1 ||    18
       Sublimation of Bl |       |       |       |       |     5 |     3 ||     8
       Iskenderun's Batt |       |       |       |       |       |    39 ||    39
 Abil: Evoke Flight      |       |     1 |       |       |     1 |     2 ||     4
Evoke: Wand              |       |       |     2 |       |       |     3 ||     5
       Phial of floods   |       |       |       |       |       |     1 ||     1
  Use: Scroll            |       |       |    11 |    10 |    18 |     7 ||    46
       Potion            |       |       |     2 |    10 |     1 |     9 ||    22
 Stab: Sleeping          |     4 |       |       |    50 |   214 |   207 ||   475
       Confused          |       |     2 |     1 |     1 |       |       ||     4
       Distracted        |       |     2 |       |     3 |     4 |     1 ||    10
  Eat: Chunk             |     1 |     7 |    15 |    22 |    23 |    19 ||    87
       Ration            |       |       |     3 |     3 |     7 |     6 ||    19
Armor: Robe              |    12 |     5 |    34 |     1 |       |       ||    52
       Ring mail         |       |       |       |   194 |   370 |       ||   564
       Leather armour    |       |       |       |     9 |       |       ||     9
       Chain mail        |       |       |       |       |   316 |   961 ||  1277
Dodge: Dodged            |    44 |    41 |   160 |   280 |   687 |   688 ||  1900
Block: Other             |       |       |    13 |       |       |       ||    13
       Reflection        |       |       |     5 |     2 |    38 |       ||    45
       Buckler           |       |       |    29 |   227 |   624 |   810 ||  1690
